 Dungeon Crawl Stone Soup version 0.29-a0-221-gceb61267dd (webtiles) character file.

Game seed: 5847463705865517892

550 Hasart the Bolt Thrower (level 6, -1/48 (51) HPs)
             Began as a Demigod Hunter on Feb 26, 2022.
             Slain by a gnoll
             ... wielding a +1 spear of freezing
              (3 damage)
             ... on level 5 of the Dungeon.
             The game lasted 00:08:34 (5539 turns).

Hasart the Bolt Thrower (Demigod Hunter)            Turns: 5539, Time: 00:08:35

HP:   -1/48 (51)    AC:  4    Str: 13    XL:     6   Next: 79%
MP:   8/8           EV: 13    Int: 13    God:
Gold: 203           SH:  0    Dex: 22    Spells: 5/5 levels left

rFire   . . .      SeeInvis .   a - +1 hand crossbow
rCold   . . .      Faith    .   (no shield)
rNeg    . . .      Spirit   .   b - +0 leather armour
rPois   .          Reflect  .   (no helmet)
rElec   .          Harm     .   u - scarf {repulsion}
rCorr   .          Rampage  .   j - +0 pair of gloves
Will    .....                   (no boots)
Stlth   +++.......              (no amulet)
HPRegen 0.16/turn               (no ring)
MPRegen 0.11/turn               (no ring)

@: drained, repel missiles
A: high MP 1, forlorn, divine attributes
a: no special abilities


You were on level 5 of the Dungeon.
You visited 2 branches of the dungeon, and saw 6 of its levels.

You collected 203 gold pieces.

Inventory:

Hand Weapons
 a - a +1 hand crossbow (weapon)
Missiles
 w - a throwing net
Armour
 b - a +0 leather armour (worn)
 i - a +0 cloak
 j - a +0 pair of gloves (worn)
 u - a scarf of repulsion (worn)
Jewellery
 f - a ring of wizardry
Wands
 q - a wand of paralysis (4)
 y - a wand of mindburst (8)
Scrolls
 c - 2 scrolls of enchant weapon {unknown}
 e - a scroll of vulnerability {unknown}
 k - a scroll of teleportation {unknown}
 n - a scroll of immolation {unknown}
 r - 2 scrolls of torment {unknown}
 t - 4 scrolls of magic mapping {unknown}
 v - a scroll of identify {unknown}
 x - a scroll of blinking {unknown}
Potions
 d - a potion of mutation {unknown}
 g - 2 potions of curing {unknown}
 h - a potion of degeneration {unknown}
 l - a potion of flight {unknown}
 m - 2 potions of haste {unknown}
 o - a potion of berserk rage {unknown}
 p - a potion of brilliance {unknown}
 s - 2 potions of heal wounds {unknown}


   Skills:
 + Level 3.4 Fighting
 * Level 5.6 Crossbows
 + Level 3.4 Dodging
 + Level 3.1 Stealth
 + Level 1.1 Evocations


You had 5 spell levels left.
You didn't know any spells.
Your spell library was empty.

Dungeon Overview and Level Annotations

Branches:
Dungeon (5/15)             Temple (1/1) D:5

Shops:
D:5 [[*

Annotations:
D:4 exclusions: 3 doors and 1 more exclusion


Innate Abilities, Weirdness & Mutations

You have an increased reservoir of magic. (+10% MP)
You shall have no god before yourself.
Your divine heritage dramatically boosts your attributes as you level up.


Message History

Shoot: a) +1 hand crossbow
Press: ? - help, Q - select action, (/) - cycle Shift-Dir - straight line, f/p - gnoll
Aim: a gnoll, wielding a +1 spear of freezing (fast, 71% to hit)
You shoot a bolt. The bolt barely misses the gnoll.
The bolt hits the gnoll shaman.
The gnoll shaman is moderately wounded.
The gnoll hits you from afar with a +1 spear of freezing.
The gnoll freezes you.
Unknown command.
Shoot: a) +1 hand crossbow
Press: ? - help, Q - select action, (/) - cycle Shift-Dir - straight line, f/p - gnoll
Aim: a gnoll, wielding a +1 spear of freezing (fast, 71% to hit)
You shoot a bolt. The bolt hits the gnoll.
The gnoll is lightly wounded.
The gnoll hits you from afar with a +1 spear of freezing.
The gnoll freezes you. The gnoll closely misses you.
Unknown command.
Shoot: a) +1 hand crossbow
Press: ? - help, Q - select action, (/) - cycle Shift-Dir - straight line, f/p - gnoll
Aim: a gnoll, wielding a +1 spear of freezing (lightly wounded, fast, 71% to hit)
You shoot a bolt. The bolt hits the gnoll.
The gnoll is heavily wounded.
The gnoll hits you from afar with a +1 spear of freezing.
The gnoll freezes you.
The gnoll shaman calls upon its god to heal the gnoll.
The gnoll's wounds heal themselves!
The gnoll hits you from afar with a +1 spear of freezing!
* * * LOW HITPOINT WARNING * * *
The gnoll freezes you.
* * * LOW HITPOINT WARNING * * *
Shoot: a) +1 hand crossbow
Press: ? - help, Q - select action, (/) - cycle Shift-Dir - straight line, f/p - gnoll
Aim: a gnoll, wielding a +1 spear of freezing (fast, 71% to hit)
You shoot a bolt. The bolt closely misses the gnoll.
The bolt hits the gnoll shaman.
The gnoll shaman is heavily wounded.
The gnoll hits you from afar with a +1 spear of freezing.
* * * LOW HITPOINT WARNING * * *
The gnoll freezes you.
You die...

...............#.#
###########.####.# #.......##.#
#.# ##.P..PP.##.####.#
#..PP..P..#......# ##########
...PP..PP.######.# #........#
....PP..P.#### #.# #.######.#
.._.PP..P....# #.# #.# #.#
....PP..P....# #@# ##.######.#
...PP..PP....###.## #......##.#
#..P..PP.....##.g.####..###.##.#
#.PP...P.#......g.......# #.##.#
#.P..PP....#.##...#####.###.##.#
#.P..PP......###.## #........#
..P..PP.###### #.# ###.###.##
.PP..PP.#### #g# #.# #..#
.P..PP.)...# ##'## #.###..#


You could see a gnoll shaman and 2 gnolls.

Vanquished Creatures
  2 ogres
  A kobold brigand (D:4)
  A jelly (D:4)
  2 hounds
  Ijyb (D:3)
  An orc wizard (D:5)
  4 gnolls (D:3)
  5 adders
  A worm (D:4)
  2 dart slugs (D:1)
  15 orcs
  5 endoplasms
  5 goblins
  3 hobgoblins
  11 kobolds
  4 quokkas
  5 ball pythons
  5 bats
  3 frilled lizards
  2 rats
78 creatures vanquished.

Vanquished Creatures (others)
  3 bushes (D:5)
3 creatures vanquished.

Grand Total: 81 creatures vanquished

Notes
Turn   | Place    | Note
-------+----------+-------------------------------------------
     0 | D:1      | Hasart the Demigod Hunter began the quest for the Orb.
     0 | D:1      | Reached XP level 1. HP: 17/17 MP: 3/3
   101 | D:1      | Reached skill level 1 in Stealth
   246 | D:1      | Reached XP level 2. HP: 24/24 MP: 4/4
   503 | D:2      | Reached skill level 4 in Crossbows
   568 | D:2      | Reached XP level 3. HP: 29/29 MP: 5/5
  2194 | D:3      | Reached XP level 4. HP: 37/37 MP: 6/6
  2349 | D:3      | Noticed Ijyb
  2356 | D:3      | Paralysed by Ijyb for 7 turns
  2366 | D:3      | Killed Ijyb
  2860 | D:4      | Reached XP level 5. HP: 42/42 MP: 7/7
  3452 | D:4      | Noticed an ogre
  3467 | D:4      | Killed an ogre
  3468 | D:4      | Reached skill level 5 in Crossbows
  3620 | D:4      | Noticed an orc warrior
  3752 | D:4      | HP: 1/45 [kobold brigand/+2 vampiric short sword (6)]
  3758 | D:4      | Reached XP level 6. HP: 2/51 MP: 8/8
  4321 | D:5      | Entered Level 5 of the Dungeon
  4786 | D:5      | Found a staircase to the Ecumenical Temple.
  4799 | D:5      | Reached skill level 1 in Evocations
  4823 | Temple   | Entered the Ecumenical Temple
  5300 | D:5      | Found Vehyneth's Armour Shop.
  5302 | D:5      | Found Yshauhul's Antique Armour Emporium.
  5303 | D:5      | Found Caaqacav's General Store.
  5539 | D:5      | HP: 2/48 [gnoll/+1 spear of freezing (5)]
  5539 | D:5      | Slain by a gnoll

Illustrated notes

Levels and vault maps discovered:
D:1:      scummos_arrival_checkerplants, layout_rooms
D:2:      layout_basic, serial_glass, glass_columns_a, glass_columns_c,
          basic_altar, dk_noncrumbling_3
D:3:      layout_loops_corners, mainiacjoe_overflow_boulevard,
          mainiacjoe_overflow_24_doors, grunt_temple_overflow_open, uniq_ijyb
D:4:      layout_loops_corners, grunt_qazlal_sundering,
          mainiacjoe_overflow_paths, minmay_liquid_box,
          kennysheep_generic_room_3
D:5:      layout_loops_corners, nicolae_overflow_hidden_temple,
          mainiacjoe_overflow_catch_the_wave,
          minmay_temple_entry_enclosed_plants, hangedman_abyss_or_decor_passed,
          serial_park_tiny_pond, minmay_misc_feat_rows,
          nicolae_wooded_promenade, st_stairs_4
Temple:   grunt_temple_mini_profane

Skill      XL: |  1  2  3  4  5  6 |
---------------+-------------------+-----
Stealth        | 1 2 3 |  3.1
Fighting       | 2 3 |  3.4
Dodging        | 2 3 |  3.4
Crossbows      | 4 5 |  5.6
Evocations     | 1 |  1.1

Action                   |  1- 3 |  4- 6 || total
-------------------------+-------+-------++-------
 Fire: Hand crossbow     |   107 |   175 ||   282
Evoke: Wand              |       |     1 ||     1
Armor: Leather armour    |     9 |    19 ||    28
Dodge: Dodged            |    18 |    71 ||    89
       Repelled          |       |     1 ||     1

Table legend: (Time is in decaauts)
 A = Elapsed time spent in this place.
 B = Non-inter-level travel time spent in this place.
 C = Inter-level travel time spent in this place.
 D = Time resting spent in this place.
 E = Time spent auto-exploring this place.
 F = Levels seen in this place.
 G = Mean time per level.
                   A        B        C        D        E       F      G
               +--------+--------+--------+--------+--------+-----+--------+
         Total |   5626 |   5331 |    295 |    808 |   3794 |   6 |  937.7 |
       Dungeon |   5301 |   5006 |    295 |    506 |   3794 |   5 | 1060.2 |
        Temple |    325 |    325 |      0 |    302 |      0 |   1 |  325.0 |
               +--------+--------+--------+--------+--------+-----+--------+

Top non-repeatable levels by time:
     D:4: 1531 daAuts
     D:2: 1206 daAuts
     D:3: 1157 daAuts
     D:5: 910 daAuts
     D:1: 494 daAuts
  Temple: 325 daAuts
